 Dungeon Crawl Stone Soup version 0.20.1-1-g8b1a95d (webtiles) character file.

92 Irenicus the Vandal (level 4, -4/42 HPs)
             Began as a Halfling Arcane Marksman on Oct 7, 2017.
             Slain by Natasha (5 damage)
             ... on level 2 of the Dungeon.
             The game lasted 00:06:49 (1800 turns).

Irenicus the Vandal (Halfling Arcane Marksman)      Turns: 1800, Time: 00:06:50

Health: -4/42      AC:  2    Str: 16    XL:     4   Next: 90%
Magic:  14/14      EV: 15    Int: 11    God:
Gold:   80         SH:  0    Dex: 15    Spells: 2/5 levels left

rFire    . . .     SeeInvis .   a - +0 hunting sling
rCold    . . .     Gourm    .   (shield restricted)
rNeg     . . .     Faith    .   e - +0 robe
rPois    .         Spirit   .   (no helmet)
rElec    .         Reflect  .   (no cloak)
rCorr    .         Harm     .   (no gloves)
MR       .....                  (no boots)
Stlth    ..........             (no amulet)
Regen    0.2/turn               g - ring of magical power
MPRegen  0.2/turn               (no ring)

@: berserking, flying, very quick
A: mutation resistance 1
a: no special abilities


You were on level 2 of the Dungeon.
You were hungry.

You visited 1 branch of the dungeon, and saw 3 of its levels.

You collected 80 gold pieces.

Inventory:

Hand Weapons
 a - a +0 hunting sling (weapon)
Missiles
 d - 16 sling bullets
 n - 41 stones (quivered)
Armour
 e - a +0 robe (worn)
Jewellery
 g - a ring of magical power (left hand)
Scrolls
 b - 2 scrolls of teleportation {unknown}
 h - 3 scrolls of identify {unknown}
 i - a scroll of fear {unknown}
 j - a scroll of enchant armour {unknown}
 k - a scroll of amnesia {unknown}
 p - a scroll of remove curse {unknown}
Books
 c - a book of Debilitation

   Spells                             Type                      Level
   a - Corona                         Hexes                        1
   b - Slow                           Hexes                        2
   c - Inner Flame                    Hexes/Fire                   3
   d - Portal Projectile              Hexes/Translocation          3
   e - Cause Fear                     Hexes                        4
   f - Leda's Liquefaction            Hexes/Earth                  4
Comestibles
 f - a bread ration
 r - a royal jelly


   Skills:
 - Level 1.0 Fighting
 + Level 6.0 Slings
 - Level 2.1 Dodging
 - Level 1.0 Spellcasting
 - Level 3.0 Hexes


You had 2 spell levels left.
You knew the following spells:

 Your Spells              Type           Power        Failure   Level  Hunger
a - Corona                Hex            #......      10%         1    ##.....
b - Slow                  Hex            #.......     14%         2    ###....


Dungeon Overview and Level Annotations

Branches:
Dungeon (3/15)

Altars:

Annotations:
D:2 Natasha
D:3 Robin; digijack's ghost, amateur OpTm


Innate Abilities, Weirdness & Mutations

You are small and have problems with some larger weapons.
You are somewhat resistant to further mutation.


Message History

Aim: Natasha (moderately wounded)
You shoot a stone. The stone closely misses Natasha.
Natasha closely misses you.
Firing (i - inventory. (,) - cycle):
n - 43 stones (quivered)
Press: ? - help, Shift-Dir - straight line, f/p - Natasha
Aim: Natasha (moderately wounded)
You shoot a stone. The stone barely misses Natasha.
Natasha claws you!
* * * LOW HITPOINT WARNING * * *
Firing (i - inventory. (,) - cycle):
n - 42 stones (quivered)
Press: ? - help, Shift-Dir - straight line, f/p - Natasha
Aim: Natasha (moderately wounded)
You shoot a stone. The stone hits Natasha.
Natasha is severely wounded.
Natasha stares at you and mumbles some strange words.
The magic dart hits you!
* * * LOW HITPOINT WARNING * * *
It was a potion of berserk rage.
A red film seems to cover your vision as you go berserk!
You feel yourself moving faster!
You feel mighty! Natasha claws you.
You die...

###### #....# #....# #....#
##### #....###
####...####......#
...............#.#
...(...#########.###########
............(...@h.....(...#
####..##########.#########.#
##..................# #.#
##.##..#########.##.# #.#
...###)# #.##.# #.# ...#
#.## #.##.# #†# ...###..####
#.##.# #.# ##)#<......#
#.##.# #.# ##.####..#.#
#.##.######.#


You could see Natasha.

Vanquished Creatures
  3 adders
  2 worms (D:2)
  2 dart slugs
  A ball python (D:2)
  9 bats
  A giant cockroach (D:1)
  7 goblins
  9 hobgoblins
  6 jackals
  3 frilled lizards
  6 kobolds
  5 rats (D:1)
54 creatures vanquished.

Notes
Turn   | Place    | Note
-------+----------+-------------------------------------------
     0 | D:1      | Irenicus the Halfling Arcane Marksman began the quest for the Orb.
     0 | D:1      | Reached XP level 1. HP: 12/12 MP: 2/2
    93 | D:1      | Reached XP level 2. HP: 17/18 MP: 3/3
   717 | D:1      | Reached XP level 3. HP: 22/22 MP: 4/4
   923 | D:2      | Reached skill level 4 in Slings
  1144 | D:2      | Reached XP level 4. HP: 23/27 MP: 5/5
  1152 | D:2      | Reached skill level 5 in Slings
  1647 | D:3      | Noticed digijack's ghost (amateur OpTm)
  1690 | D:3      | Learned a level 2 spell: Slow
  1709 | D:3      | Reached skill level 6 in Slings
  1722 | D:3      | Noticed Robin
  1738 | D:2      | Reached skill level 1 in Fighting
  1783 | D:3      | Noticed Natasha
  1799 | D:2      | HP: 1/28 [Natasha/magic dart (6)]
  1800 | D:2      | Slain by Natasha

Skill      XL: |  1  2  3  4 |
---------------+-------------+-----
Hexes          | 3 |  3.0
Slings         | 4 6 |  6.0
Fighting       | 1 |  1.0
Dodging        | |  2.1
Spellcasting   | |  1.0

Action                   |  1- 3 |  4- 6 || total
-------------------------+-------+-------++-------
 Fire: Hunting sling     |    83 |    79 ||   162
 Cast: Corona            |     1 |     2 ||     3
  Use: Potion            |       |     3 ||     3
  Eat: Chunk             |       |     2 ||     2
Armor: Robe              |     2 |     4 ||     6
Dodge: Dodged            |    19 |    17 ||    36
